 Dungeon Crawl Stone Soup version 0.31.0-1-g2c135a008e (webtiles) character file.

Game seed: 7783634344898566201

83 qw the Shooter (level 4, -2/35 HPs)
             Began as a Djinni Hunter on Jan 23, 2024.
             Slain by a goblin
             ... wielding a +0 club
             ... led by Robin
              (3 damage)
             ... on level 3 of the Dungeon.
             The game lasted 00:00:07 (2066 turns).

qw the Shooter (Djinni Hunter)                      Turns: 2066, Time: 00:00:08

Health: -2/35      AC:  5    Str: 10    XL:     4   Next: 71%
Gold:   164        EV: 11    Int: 11    God:
                   SH:  0    Dex: 18

rFire   + + .        a - +0 shortbow
rCold   x . .        (shield currently unavailable)
rNeg    . . .        j - +0 ring mail
rPois   inf          (no helmet)
rElec   .            (no cloak)
rCorr   .            (no gloves)
SInv    .            (boots unavailable)
Will    .....        (no amulet)
Stlth   +            (no ring)
HPRegen 0.25/turn    (no ring)
MPRegen 0.00/turn

%: infuse magic (-3 HP)
@: flying
A: sickness immunity, fire resistance 2, cold vulnerability 1, float, innate
caster, HP casting, extra vitality 1
a: no special abilities


You were on level 3 of the Dungeon.
You visited 1 branch of the dungeon, and saw 4 of its levels.

You collected 164 gold pieces.


Innate Abilities, Weirdness & Mutations

You are immune to sickness and miasma.
You are immune to poison.
Your flesh is very heat resistant. (rF++)
You are vulnerable to cold. (rC-)
You float through the air rather than walking.
You learn spells naturally, not from books.
Your magical power is your life essence.
You have superior vitality. (+4 MHP)


   Skills:
 - Level 3.0 Fighting
 - Level 4.0 Ranged Weapons
 + Level 0.8 Armour
 - Level 2.9 Dodging
 - Level 0.7 Stealth


You knew the following spells:

 Your Spells              Type           Power      Damage    Failure   Level
a - Summon Small Mammal   Summ           0%         N/A       67%         1
Your spell library was empty.

Inventory:

Hand Weapons
 a - a +0 shortbow (weapon)
Armour
 j - a +0 ring mail (worn)
Wands
 b - a wand of acid (7)
 k - a wand of paralysis (11)
Potions
 d - a potion of might {unknown}
 f - a potion of curing {unknown}
 g - a potion of degeneration {unknown}
 h - a potion of magic {unknown}
 l - a potion of invisibility {unknown}

Dungeon Overview and Level Annotations

Branches:
Dungeon (4/15)
 Temple: D:4-7

Altars:

Annotations:
D:4 Robin


Message History

You kill the goblin!
You start resting.
HP restored.
Partly explored, can't reach some items.
What level of the Dungeon? (default 4, ? - help)
You fly downwards.
Level annotation: Robin The goblin hits you but does no damage.
Robin roars a battlecry!
The goblins go into a battle-frenzy!
The goblin barely misses you. The goblin hits you with a +0 dagger.
The goblin completely misses you.
The goblin hits you with a +0 dagger. x2
The goblin closely misses you. The goblin hits you with a +0 club.
There is a stone staircase leading up here.
2059 ||| STAIRDANCE The goblin hits you with a +0 club.
The goblin hits you but does no damage.
The goblin hits you with a +0 dagger. x2
You fly upwards.
There is a stone staircase leading down here.
You shoot an arrow. The arrow barely misses the goblin.
The goblin closely misses you. The goblin hits you with a +0 dagger.
The goblin closely misses you. The goblin misses you.
You shoot an arrow.
The arrow hits the goblin but does no damage.
The goblin barely misses you. The goblin hits you with a +0 dagger.
The goblin completely misses you. The goblin hits you with a +0 club.
You shoot an arrow. The arrow hits the goblin!
You kill the goblin!
The goblin hits you but does no damage. x2; The goblin misses you.
The goblin hits you with a +0 club. The goblin closely misses you.
The goblin hits you with a +0 club.
You shoot an arrow. The arrow hits the goblin!
You kill the goblin!
The goblin completely misses you. The goblin barely misses you.
You shoot an arrow.
The arrow hits the goblin but does no damage.
The goblin hits you with a +0 club. x2
You shoot an arrow. The arrow closely misses the goblin.
The goblin hits you with a +0 club.
You die...

##### ....# ###.#
..#.######
#.#......########
#.#.............#
#.#............g##
..'............g@##
..#............)))#
..#...............#
..#.........####..#
###...............#
#########....###..#######
#............#.#........#
.............#..(.#####.#
#............#......#...#


You could see 2 goblins.

Vanquished Creatures
  An adder (D:2)
  A dart slug (D:1)
  11 ball pythons
  6 endoplasms
  2 giant cockroaches
  17 goblins
  3 hobgoblins
  5 jackals
  2 quokkas
  5 bats
  2 frilled lizards (D:1)
  8 kobolds
  5 rats
68 creatures vanquished.

Notes
Turn   | Place    | Note
-------+----------+-------------------------------------------
     0 | D:1      | qw the Djinni Hunter began the quest for the Orb.
     0 | D:1      | Reached XP level 1. HP: 18/18 MP: 0/0
     0 | D:1      | 0 ||| qw: Version: 0.3-a-136-gdd3b4e8
     0 | D:1      | 0 ||| qw: Game counter: 1061
     0 | D:1      | 0 ||| qw: Melee chars always use a shield: true
     0 | D:1      | 0 ||| qw: God list: Okawaru
     0 | D:1      | 0 ||| qw: Allow faded altars: false
     0 | D:1      | 0 ||| qw: Do Orc after clearing Dungeon:15 true
     0 | D:1      | 0 ||| qw: Do second Lair branch before Depths: true
     0 | D:1      | 0 ||| qw: Lair rune preference: random
     0 | D:1      | 0 ||| qw: Goals: Normal
     0 | D:1      | 0 ||| PLANNING D:1-11
    96 | D:1      | Reached XP level 2. HP: 23/23 MP: 0/0
   300 | D:1      | Reached skill level 4 in Ranged Weapons
   300 | D:1      | Reached XP level 3. HP: 28/28 MP: 0/0
   300 | D:1      | Learned a level 1 spell: Summon Small Mammal
   560 | D:1      | 560 ||| READING scroll labelled LATIP ZAITZ.
   561 | D:1      | 561 ||| DROPPING scroll of butterflies.
   681 | D:2      | Reached XP level 4. HP: 22/34 MP: 0/0
   726 | D:2      | Reached skill level 3 in Fighting
  1208 | D:2      | 1208 ||| READING 2 scrolls labelled OZUCZI OHIU.
  1209 | D:2      | 1209 ||| DRINKING 2 fuming dark potions.
  1210 | D:2      | 1210 ||| DROPPING scroll of blinking.
  1239 | D:3      | 1239 ||| STAIRDANCE
  1852 | D:3      | 1852 ||| UPGRADING to +0 ring mail.
  1862 | D:3      | 1862 ||| DROPPING +0 leather armour.
  1863 | D:3      | 1863 ||| DROPPING ring of wizardry.
  1888 | D:4      | Noticed Robin
  1889 | D:4      | 1889 ||| STAIRDANCE
  1907 | D:4      | 1907 ||| STAIRDANCE
  1915 | D:3      | HP: 8/35 [hobgoblin[Robin] (2)]
  1916 | D:3      | 1916 ||| DRINKING potion of heal wounds.
  1920 | D:3      | HP: 7/35 [goblin/+0 dagger[Robin] (2)]
  1926 | D:3      | HP: 4/35 [goblin/+0 club[Robin] (1)]
  2059 | D:4      | 2059 ||| STAIRDANCE
  2063 | D:3      | HP: 5/35 [goblin/+0 club[Robin] (6)]
  2065 | D:3      | HP: 1/35 [goblin/+0 club[Robin] (2)]
  2066 | D:3      | Slain by a goblin

Levels and vault maps discovered:
D:1:      spicycebolla_green_bress_n_ham_2, layout_basic
D:2:      layout_loops_ring, chequers_serial_rivers_micro_a,
          amcnicky_mini_rare_corridor_liquid, serial_bayou_ford_a
D:3:      layout_basic, minmay_gold_behind_fungi, nicolae_figureground_pulse
D:4:      layout_basic, serial_shops, nicolae_shop_hallway_plus, uniq_robin,
          uniq_menkaure, uniq_grinder

Skill      XL: |  1  2  3  4 |
---------------+-------------+-----
Ranged Weapons | 4 |  4.0
Fighting       | 3 |  3.0
Armour         | |  0.8
Dodging        | |  2.9
Stealth        | |  0.7

Action                     |  1- 3 |  4- 6 || total
---------------------------+-------+-------++-------
   Fire: Shortbow          |    94 |    99 ||   193
    Use: Scroll            |     1 |     1 ||     2
         Potion            |       |     2 ||     2
 Armour: Leather armour    |    21 |    26 ||    47
         Ring mail         |       |    97 ||    97
  Dodge: Dodged            |    25 |    84 ||   109

Table legend:
 A = Non-vault XP
 B = Vault XP
 C = Vault XP percentage of total XP
 D = Non-vault monster count
 E = Vault monster count
 F = Vault count percentage of total count
                 A         B        C        D         E       F
            +---------+---------+-------+---------+---------+-------
      Total |     102 |      17 |  14.3 |      59 |       9 |  13.2
            +---------+---------+-------+---------+---------+-------
        D:1 |      41 |       0 |   0.0 |      25 |       0 |   0.0
        D:2 |      44 |       0 |   0.0 |      22 |       0 |   0.0
        D:3 |      17 |      17 |  50.0 |      12 |       9 |  42.9
            +---------+---------+-------+---------+---------+-------
